 Dungeon Crawl Stone Soup version 0.20.1-1-g8b1a95d (webtiles) character file.

39 n0claF the Firebug (level 3, -7/19 HPs)
             Began as a Deep Elf Fire Elementalist on Oct 31, 2017.
             Mangled by Crazy Yiuf
             ... wielding a +4 quarterstaff of chaos
              (13 damage)
             ... on level 2 of the Dungeon.
             The game lasted 00:05:10 (1596 turns).

n0claF the Firebug (Deep Elf Fire Elementalist)     Turns: 1596, Time: 00:05:11

Health: -7/19      AC:  2    Str:  5    XL:     3   Next: 26%
Magic:  7/10       EV: 13    Int: 20    God:
Gold:   168        SH:  0    Dex: 15    Spells: 5/9 levels left

rFire    . . .     SeeInvis .   j - +0 whip
rCold    . . .     Gourm    .   (no shield)
rNeg     . . .     Faith    .   a - +0 robe
rPois    .         Spirit   .   (no helmet)
rElec    .         Reflect  .   (no cloak)
rCorr    .         Harm     .   (no gloves)
MR       .....                  (no boots)
Stlth    ++........             (no amulet)
Regen    0.1/turn               (no ring)
MPRegen  0.2/turn               (no ring)

@: no status effects
A: no striking features
a: no special abilities


You were on level 2 of the Dungeon.
You were not hungry.

You visited 1 branch of the dungeon, and saw 2 of its levels.

You collected 168 gold pieces.

Inventory:

Hand Weapons
 j - a +0 whip (weapon)
Armour
 a - a +0 robe (worn)
Scrolls
 d - a scroll of enchant weapon {unknown}
 f - 3 scrolls of identify {unknown}
 h - a scroll of random uselessness {unknown}
 k - 2 scrolls of remove curse {unknown}
 l - a scroll of recharging {unknown}
 m - a scroll of fog {unknown}
 n - 2 scrolls of teleportation {unknown}
 o - a scroll of amnesia {unknown}
Potions
 e - 5 potions of curing {unknown}
 g - a potion of cancellation {unknown}
 i - a potion of haste {unknown}
 q - a potion of magic {unknown}
Books
 b - a book of Flames

   Spells                             Type                      Level
   a - Flame Tongue                   Conjuration/Fire             1
   b - Throw Flame                    Conjuration/Fire             2
   c - Conjure Flame                  Conjuration/Fire             3
   d - Inner Flame                    Hexes/Fire                   3
   e - Sticky Flame                   Conjuration/Fire             4
   f - Fireball                       Conjuration/Fire             5
Comestibles
 c - a bread ration
 p - a meat ration
 r - a chunk of flesh
 s - a royal jelly


   Skills:
 + Level 2.7 Dodging
 + Level 2.7 Stealth
 + Level 3.7 Spellcasting
 + Level 1.2 Conjurations
 + Level 4.1 Fire Magic


You had 5 spell levels left.
You knew the following spells:

 Your Spells              Type           Power        Failure   Level  Hunger
a - Flame Tongue          Conj/Fire      ##...        4%          1    None
b - Conjure Flame         Conj/Fire      ##......     13%         3    ###....


Dungeon Overview and Level Annotations

Branches:
Dungeon (2/15)

Altars:
Gozag
Qazlal
Trog

Annotations:
D:2 Crazy Yiuf


Message History

Crazy Yiuf is lightly wounded.
Casting: Flame Tongue
Confirm with . or Enter, or press ? or * to list all spells.
Aiming: Flame Tongue
Press: ? - help, Shift-Dir - straight line, f/p - Crazy Yiuf
Aim: Crazy Yiuf, wielding a quarterstaff of chaos and wearing an embroidered cloak (lightly wounded)
The flame tongue hits Crazy Yiuf.
Crazy Yiuf is severely wounded.
Crazy Yiuf hits you with a quarterstaff of chaos!
Ouch! That really hurt!
Crazy Yiuf burns you.
Casting: Flame Tongue
Confirm with . or Enter, or press ? or * to list all spells.
Aiming: Flame Tongue
Press: ? - help, Shift-Dir - straight line, f/p - Crazy Yiuf
Aim: Crazy Yiuf, wielding a quarterstaff of chaos and wearing an embroidered cloak (severely wounded)
The flame tongue misses Crazy Yiuf.
Crazy Yiuf hits you with a quarterstaff of chaos!
Ouch! That really hurt!
You die...

#.#############..#
##...... #.#
#..####.....## #.#
##....#.###### #.#
####.#.# # #.#
#...# #.# #.### ##
#.###♣♣ #### #.##
#. #.....♣♣
♣♣#..)# #..## #.
#......♣♣♣♣@g...#
##..#####.
##......♣..♣#...#
##.......
##....♣.♣♣♣ ####
######## ###♣♣♣♣♣


You could see Crazy Yiuf.

Vanquished Creatures
  2 worms (D:2)
  2 dart slugs (D:1)
  2 leopard geckos
  A giant cockroach (D:1)
  2 goblins
  A hobgoblin (D:1)
  5 kobolds
  6 bats
  4 frilled lizards
  3 rats
28 creatures vanquished.

Notes
Turn   | Place    | Note
-------+----------+-------------------------------------------
     0 | D:1      | n0claF the Deep Elf Fire Elementalist began the quest for the Orb.
     0 | D:1      | Reached XP level 1. HP: 10/10 MP: 6/6
   238 | D:1      | Reached XP level 2. HP: 15/15 MP: 1/8
   897 | D:2      | Reached skill level 4 in Fire Magic
   982 | D:2      | Reached XP level 3. HP: 19/19 MP: 5/10
   987 | D:2      | Learned a level 3 spell: Conjure Flame
  1094 | D:2      | Found an opulent altar of Gozag.
  1204 | D:2      | Found a stormy altar of Qazlal.
  1204 | D:2      | Found a bloodstained altar of Trog.
  1300 | D:2      | Found a runed door.
  1591 | D:2      | Noticed Crazy Yiuf
  1596 | D:2      | Mangled by Crazy Yiuf

Skill      XL: |  1  2 |
---------------+-------+-----
Fire Magic     | 4 |  4.1
Dodging        | |  2.7
Stealth        | |  2.7
Spellcasting   | |  3.7
Conjurations   | |  1.2

Action                   || total
-------------------------++-------
 Cast: Flame Tongue      ||    48
  Eat: Chunk             ||     2
Armor: Robe              ||     4
Dodge: Dodged            ||     5
